 Dungeon Crawl Stone Soup version 0.29.0-7-g18a832c13a (webtiles) character file.

Game seed: 7543388788841463571

142 Regnix the Grave Robber (level 5, 0/36 HPs)
             Began as a Human Necromancer on Aug 30, 2022.
             Slain by Pikel
             ... wielding a +2 whip of freezing
              (1 damage)
             ... on level 3 of the Dungeon.
             The game lasted 00:14:51 (4182 turns).

Regnix the Grave Robber (Human Necromancer)         Turns: 4182, Time: 00:14:52

Health: 0/36       AC:  9    Str:  8    XL:     5   Next: 50%
Magic:  10/10      EV: 11    Int: 18    God:
Gold:   174        SH:  0    Dex: 13    Spells: 2/10 levels left

rFire   . . .      SeeInvis .   i - +3 dagger
rCold   + . .      Faith    .   (no shield)
rNeg    . . .      Spirit   .   c - +2 leather armour {rPois}
rPois   +          Reflect  .   (no helmet)
rElec   .          Harm     .   (no cloak)
rCorr   .          Rampage  .   (no gloves)
Will    .....                   (no boots)
Stlth   ++........              (no amulet)
HPRegen 0.12/turn               d - ring of protection from cold
MPRegen 0.12/turn               n - +4 ring of protection

@: hasted, very quick
A: no striking features
a: no special abilities


You were on level 3 of the Dungeon.
You visited 1 branch of the dungeon, and saw 4 of its levels.

You collected 174 gold pieces.

Inventory:

Hand Weapons
 e - a +0 dagger
 i - a +3 dagger (weapon)
Armour
 a - a +0 robe
 c - a +2 leather armour of poison resistance (worn)
 g - a +0 buckler
Jewellery
 d - a ring of protection from cold (left hand)
 n - a +4 ring of protection (right hand)
Scrolls
 f - 3 scrolls of teleportation {unknown}
 j - a scroll of identify {unknown}
 m - a scroll of butterflies {unknown}
 p - a scroll of poison {unknown}
 q - a scroll of fear {unknown}
Potions
 b - a potion of magic
 h - a potion of lignification {unknown}
 k - a potion of flight {unknown}
 o - a potion of haste


   Skills:
 + Level 0.5 Fighting
 + Level 0.4 Short Blades
 + Level 1.2 Armour
 + Level 2.2 Dodging
 + Level 2.1 Stealth
 + Level 3.4 Spellcasting
 + Level 4.9 Necromancy


You had 2 spell levels left.
You knew the following spells:

 Your Spells              Type           Power      Damage    Failure   Level
a - Necrotise             Necr           80%        1d8       3%          1
b - Vampiric Draining     Necr           20%        2d7       9%          3
c - Animate Dead          Necr           20%        N/A       28%         4

Your spell library contained the following spells:

 Spells                   Type           Power      Damage    Failure   Level
 Dazzling Flash           Conj/Hex       6%         N/A       54%         3
 Agony                    Necr           20%        N/A       63%         5
 Iskenderun's Mystic Bla  Conj/Tloc      3%         2d3       91%         4
 Starburst                Conj/Fire      1%         6d3       100%        6


Dungeon Overview and Level Annotations

Branches:
Dungeon (4/15)
 Temple: D:4-7

Altars:
Xom

Annotations:
D:3 Pikel


Message History

There is a stone staircase leading down here.
You hit Pikel but do no damage. Pikel hits you but does no damage.
You hit Pikel but do no damage. Pikel barely misses you.
You hit Pikel.
Pikel is lightly wounded.
Pikel hits you with a +2 whip of freezing.
Pikel freezes you.
You closely miss Pikel.
Pikel is lightly wounded.
Pikel hits you with a +2 whip of freezing.
You hit Pikel.
Pikel is lightly wounded.
Pikel closely misses you.
You hit Pikel.
Pikel is moderately wounded.
Pikel hits you with a +2 whip of freezing.
You are too injured to fight recklessly!
You are too injured to fight recklessly!
It was a potion of haste.
You feel yourself speed up.
Pikel hits you with a +2 whip of freezing.
Pikel freezes you.
You hit Pikel but do no damage.
Pikel is moderately wounded.
You barely miss Pikel.
Pikel is moderately wounded.
Pikel hits you but does no damage.
You hit Pikel.
Pikel is moderately wounded.
Pikel hits you with a +2 whip of freezing.
* * * LOW HITPOINT WARNING * * *
Pikel freezes you.
* * * LOW HITPOINT WARNING * * *
You hit Pikel but do no damage.
Pikel is moderately wounded.
You barely miss Pikel.
Pikel is moderately wounded.
Pikel hits you with a +2 whip of freezing!
* * * LOW HITPOINT WARNING * * *
Pikel freezes you.
You die...

#....)#.# #.#.####.#.####.#
#.....#.# #.#..)..........#
#.....#.###.#.######......#
#.........<.....####.......
#.....#...#.#.#.#..........
#.....###.#.#.#.#..........
#.........#.#.#.#.....)†.'#
#.....###K..#...+........'.
#.....#...@...#.#........#.
#.....###..................
####### #..##.#.#.#...#.##.
#.....#.#.###.#.##.
#.......#.......##<
#..##<#####.######.
###.......###.#......
#.......#.#...♣.♣....
#..PP.#.......♣.♣....


You could see Pikel.

Vanquished Creatures
  A lemure (D:3)
  Terence (D:2)
  6 adders
  2 worms
  2 dart slugs
  2 orcs
  5 bats
  10 endoplasms
  2 giant cockroaches (D:3)
  3 goblins
  5 hobgoblins
  2 quokkas (D:1)
  2 ball pythons
  3 kobolds
  3 rats
49 creatures vanquished.

Vanquished Creatures (collateral kills)
  A dart slug (D:2)
1 creature vanquished.

Vanquished Creatures (others)
  2 plants
2 creatures vanquished.

Grand Total: 52 creatures vanquished

Notes
Turn   | Place    | Note
-------+----------+-------------------------------------------
     0 | D:1      | Regnix the Human Necromancer began the quest for the Orb.
     0 | D:1      | Reached XP level 1. HP: 13/13 MP: 3/3
   655 | D:1      | Reached XP level 2. HP: 10/19 MP: 3/5
  1691 | D:2      | Noticed Terence
  2202 | D:2      | Reached XP level 3. HP: 20/24 MP: 2/7
  2234 | D:2      | Learned a level 3 spell: Vampiric Draining
  2314 | D:2      | Killed Terence
  2315 | D:2      | Reached XP level 4. HP: 28/31 MP: 0/8
  2741 | D:2      | Found a faded altar of an unknown god.
  3014 | D:2      | Reached XP level 5. HP: 36/36 MP: 5/10
  3071 | D:2      | Learned a level 4 spell: Animate Dead
  3291 | D:3      | Found a shimmering altar of Xom.
  3408 | D:3      | Reached skill level 1 in Armour
  4116 | D:4      | Noticed Pikel
  4116 | D:4      | Noticed a lemure
  4116 | D:4      | Noticed a lemure
  4116 | D:4      | Noticed a lemure
  4116 | D:4      | Noticed a lemure
  4165 | D:3      | Killed a lemure
  4182 | D:3      | HP: 1/36 [Pikel/+2 whip of freezing (7)]
  4182 | D:3      | Slain by Pikel

Illustrated notes

Levels and vault maps discovered:
D:1:      sevenhm_arrival_forest_fort_large_4, layout_basic, bh_walls_and_bars
D:2:      layout_basic, hellmonk_ecumenical_altar_heavens_door, corexii_shack,
          uniq_terence
D:3:      layout_basic, general_overflow_altar, serial_forest,
          infiniplex_forest_clump_diagonal, infiniplex_forest_straight_2,
          infiniplex_forest_join, infiniplex_forest_lined_3,
          infiniplex_forest_end_3, infiniplex_forest_lined_3
D:4:      black_bear_nest_2, layout_basic, makhleb_heckhound_becter,
          mainiacjoe_overflow_alcove_2, minmay_temple_entry_antechambers,
          amcnicky_mini_rare_corridor_liquid, uniq_pikel

Skill      XL: |  1  2  3  4  5 |
---------------+----------------+-----
Spellcasting   | 3 |  3.4
Armour         | 1 |  1.2
Fighting       | |  0.5
Short Blades   | |  0.4
Dodging        | |  2.2
Stealth        | |  2.1
Necromancy     | |  4.9

Action                   |  1- 3 |  4- 6 || total
-------------------------+-------+-------++-------
Melee: Unarmed           |    12 |       ||    12
       Hand axe          |     3 |       ||     3
       Dagger            |    76 |   141 ||   217
       Punch             |     1 |     1 ||     2
 Cast: Necrotise         |    46 |    20 ||    66
  Use: Potion            |     3 |     2 ||     5
 Stab: Sleeping          |     2 |     2 ||     4
Armor: Leather armour    |    20 |    53 ||    73
Dodge: Dodged            |    44 |    80 ||   124
